Cogmind - Beta 13 @@@ ROGUE MODE // 2024.07.01 @ 14:25:06 Player: Berg Result: Destroyed by as-29210 with Assembled Heavy Rifle Performance ------------- Evolutions (0) 0 Regions Visited (2) 400 Robots Destroyed (32) 160 Value Destroyed (667) 667 Prototype IDs (0) 0 Alien Tech Used (0) 0 Bonus (75) 75 TOTAL SCORE: 1302 Bonus ------- Follower Combat Kills 75 Cogmind --------- Core Integrity 0/250 Matter 277/300 Energy 160/160 System Corruption 5% Temperature Cool (80) Movement Treading (240) Ox1 Location -10/Mines Parts ------- > --- POWER (1) -------- Light Nuclear Core > --- PROPULSION (2) --- Light Treads > --- UTILITY (2) ------ Large Storage Unit Signal Interpreter > --- WEAPON (2) ------- Autogun > --- INVENTORY (15) --- Light Angular Momentum Engine Light Treads Aluminum Leg Carbon-fiber Leg Improved Heat Sink Improved Heat Sink Hardened Light Armor Plating Hardened Light Armor Plating Hardened Light Armor Plating Hardened Light Armor Plating Hacking Suite Spread Laser Spread Laser Autogun Peak State ------------ > --- POWER ------------ Light Nuclear Core > --- PROPULSION ------- Light Treads Light Treads > --- UTILITY ---------- Large Storage Unit Signal Interpreter > --- WEAPON ----------- Autogun Autogun > --- INVENTORY -------- Ion Engine Ion Engine Light Treads Heat Sink Seismic Detector Hardened Light Armor Plating Hardened Light Armor Plating Hardened Light Armor Plating Hardened Light Armor Plating Hacking Suite Spread Laser Spread Laser Light Assault Rifle Autogun [Rating: 13] Favorites ----------- Power Ion Engine Engine Ion Engine Power Core Light Nuclear Core Propulsion Light Treads Treads Light Treads Utility Large Storage Unit Device Seismic Detector Storage Large Storage Unit Processor Signal Interpreter Weapon Autogun Energy Gun Medium Laser Ballistic Gun Autogun Build | -11 -10 -10 ------- Run | Yrd Mat Min Slots Evolved . | . . . Power . | . . . Propulsion . | . . . Utility . | . . . Weapon . | . . . Parts Attached 16 | 7 6 3 Power 3 | 1 1 1 Engine 2 | 1 1 . Core 1 | . . 1 Reactor . | . . . Propulsion 3 | 2 1 . Treads 3 | 2 1 . Leg . | . . . Wheel . | . . . Hover . | . . . Flight . | . . . Utility 4 | 2 2 . Device 1 | 1 . . Storage 2 | 1 1 . Processor 1 | . 1 . Hackware . | . . . Protection . | . . . Artifact . | . . . Weapon 6 | 2 2 2 Energy Gun 1 | 1 . . Energy Cannon . | . . . Ballistic Gun 5 | 1 2 2 Ballistic Cannon . | . . . Launcher . | . . . Special Weapon . | . . . Impact Weapon . | . . . Slashing Weapon . | . . . Piercing Weapon . | . . . Special Melee Weapon . | . . . Unidentified Prototypes . | . . . Parts Lost 3 | . . 3 Power . | . . . Propulsion 1 | . . 1 Utility . | . . . Weapon 2 | . . 2 Highest Loss Streak 1 | . . 1 To Critical Strikes . | . . . Average Slot Usage (%) 99 | . 99 99 Engine 9 | . 14 3 Core 4 | . . 10 Treads 27 | . 28 27 Device 3 | . 6 . Storage 14 | . 14 14 Processor 10 | . 7 14 Ballistic Gun 27 | . 27 27 Naked Turns . | . . . Heaviest Build 32 | 15 32 31 Greatest Support 40 | 40 40 40 Greatest Overweight (x) 2 | 2 . . Average Overweight (x) . | . . . Largest Inventory Capacity 15 | 8 15 15 Average Capacity 13 | 7 12 15 Most Carried 15 | 4 13 15 Average Carried 10 | 2 8 13 Final Capacity 15 | 8 15 15 Final Carried 14 | 4 12 14 Class Distribution -------------------- 100% | Mutant Dominant Class ---------------- Mutant | -10/Materials Mutant | -10/Mines Resources | -11 -10 -10 ----------- Run | Yrd Mat Min Matter Collected 837 | 270 416 151 Remotely . | . . . Salvage Created 964 | 110 615 239 Parts 61 | 5 47 9 Haulers Intercepted . | . . . Recyclers Shooed 1 | 1 . . Parts Field Recycled . | . . . Retrieved Matter . | . . . Parts Self-Destructed . | . . . Prevented . | . . . Kills | -11 -10 -10 ------- Run | Yrd Mat Min Combat Hostiles Destroyed 24 | . 16 8 Guns 24 | . 16 8 Classes Destroyed 8 | 2 5 1 Worker 3 | . 2 1 Tunneler 1 | 1 . . Recycler 1 | 1 . . Operator 2 | . 2 . Watcher 3 | . 3 . Swarmer 9 | . 6 3 Grunt 13 | . 10 3 Assembled 2 | . . 2 Best Kill Streak 7 | 2 7 3 Combat Bots Only 6 | . 6 3 Max Kills in Single Turn 2 | 1 1 2 Gunslinging 1 | . . 1 Exploded . | . . . Melee . | . . . Uniques/NPCs Destroyed . | . . . Combat | -11 -10 -10 -------- Run | Yrd Mat Min Hostile Shots Fired 123 | . 67 56 Missed 34 | . 15 19 Damage Taken 1057 | . 508 549 Core 256 | . 109 147 Absorbed by Shields . | . . . Core Remaining (%) 100 | 100 . . Volleys Fired 73 | 5 46 22 Largest 2 | 1 2 2 Hottest 50 | 50 46 46 Shots Fired 139 | 5 92 42 Gun 139 | 5 92 42 Cannon . | . . . Launcher . | . . . Special . | . . . Kinetic 134 | . 92 42 Thermal 5 | 5 . . Explosive . | . . . Electromagnetic . | . . . Robot Hit Streak 14 | 4 9 14 Robot Miss Streak 4 | 1 4 2 Penetration Max . | . . . Secondary Targets 3 | . 1 2 Max Gunslinging Chain 1 | . 1 1 Shots Hit Robots 93 | 4 56 33 Core Hits 42 | 3 26 13 Critical Kills . | . . . Critical Parts Destroyed . | . . . Critical Strikes 2 | 2 . . Burn 2 | 2 . . Melee Attacks . | . . . Impact . | . . . Slashing . | . . . Piercing . | . . . Sneak Attacks . | . . . Combat Hostiles . | . . . Follow-up Attacks . | . . . Damage Inflicted 1458 | 51 902 505 Guns 1444 | 51 893 500 Cannons . | . . . Explosions . | . . . Melee . | . . . Ramming 14 | . 9 5 Kinetic 1393 | . 893 500 Thermal 51 | 51 . . Explosive . | . . . Electromagnetic . | . . . Impact . | . . . Slashing . | . . . Piercing . | . . . Highest Corruption 5 | . . 5 Average Corruption 5 | . . 5 Corruption Purged . | . . . Corruption Blocked . | . . . Effects 1 | . . 1 Message Errors 1 | . . 1 Overload Shots . | . . . Overflow Damage . | . . . Projectiles . | . . . Explosions . | . . . Melee . | . . . Knockbacks 1 | . 1 . Impact 1 | . 1 . Kinetic . | . . . Secondary . | . . . Self-Inflicted Damage . | . . . Shots . | . . . Rammed 2 | . 1 1 Targets Rammed 3 | . 2 1 Kicked . | . . . Crushed 1 | . 1 . Highest Temperature 80 | 40 30 80 Average Temperature 15 | 18 10 25 Received Heat Transfer 406 | . 150 256 Siege Activations . | . . . Robots Corrupted . | . . . Combat Hostiles . | . . . Parts Fried . | . . . Impact Corruptions . | . . . Robots Melted . | . . . Combat Hostiles . | . . . Parts Melted 1 | 1 . . Heat Transferred 296 | 296 . . Parts Sabotaged . | . . . Parts Stolen . | . . . Parts Stripped . | . . . Power Chain Reactions . | . . . Alert | -11 -10 -10 ------- Run | Yrd Mat Min Peak Influence 326 | 10 326 237 Initial 82 | . 6 82 Average 161 | 4 198 133 Maximum Alert Level 1 | . 1 1 Low Security (%) 54 | 100 35 73 Level 1 45 | . 64 26 Level 2 . | . . . Level 3 . | . . . Level 4 . | . . . Level 5 . | . . . High Security . | . . . Max Security . | . . . Squads Dispatched 6 | . 4 2 Investigation 3 | . 2 1 Extermination . | . . . Reinforcement 2 | . 2 . Assault 1 | . . 1 Garrison . | . . . Intercept . | . . . Searches Triggered . | . . . Construction Impeded . | . . . Haulers Reinforced . | . . . Active Scanning Responses . | . . . Cargo Convoy Interrupts . | . . . Stealth | -11 -10 -10 --------- Run | Yrd Mat Min Distress Signals 2 | . 2 . Communications Jammed . | . . . Distress Signals . | . . . Times Spotted 48 | . 24 24 Peak Tracking Total 13 | . 7 13 Tactical Retreats 1 | . . 1 Traps | -11 -10 -10 ------- Run | Yrd Mat Min Traps Triggered 2 | . 2 . Indirectly . | . . . Trap Hack Attempts . | . . . Triggered . | . . . Disarmed . | . . . Reprogrammed . | . . . Reused . | . . . Traps Extracted . | . . . Installed . | . . . Triggered . | . . . Machines | -11 -10 -10 ---------- Run | Yrd Mat Min Machines Disabled . | . . . Max in Single Turn . | . . . Machines Repaired . | . . . Machines Dismantled . | . . . Machines Sabotaged . | . . . Overloaded Fab Kills . | . . . Hacking | -11 -10 -10 --------- Run | Yrd Mat Min Machines Accessed 5 | . 4 1 Terminals 4 | . 4 . Fabricators . | . . . Repair Stations . | . . . Recycling Units . | . . . Scanalyzers . | . . . Garrison Access . | . . . Total Hacks 15 | . 14 1 Successful 7 | . 6 1 Failed 8 | . 8 . Catastrophic 2 | . 2 . Database Lockouts . | . . . Manual 15 | . 15 . Terminals 14 | . 14 . Fabricators . | . . . Repair Stations . | . . . Recycling Units . | . . . Scanalyzers . | . . . Garrison Access . | . . . Terminal Hacks 6 | . 5 1 Robot Analysis 3 | . 3 . Open Door 1 | . . 1 Terminal Index 1 | . 1 . Zone Layout 1 | . 1 . Fabricator Hacks . | . . . Repair Station Hacks . | . . . Recycling Unit Hacks . | . . . Scanalyzer . | . . . Garrison Access Hacks . | . . . Unauthorized Hacks 1 | . 1 . Terminals 1 | . 1 . Botnet 1 | . 1 . Fabricators . | . . . Repair Stations . | . . . Recycling Units . | . . . Scanalyzers . | . . . Garrison Access . | . . . Data Cores Recovered . | . . . Used . | . . . Hacking Detections 4 | . 4 . Full Trace Events . | . . . Feedback Events . | . . . Feedback Blocked . | . . . Robot Schematics Acquired . | . . . Robots Built . | . . . Authchips . | . . . Time . | . . . Total Robot Build Rating . | . . . Part Schematics Acquired . | . . . Parts Built . | . . . Authchips . | . . . Time . | . . . Total Part Build Rating . | . . . Parts Repaired . | . . . Time . | . . . Parts Recycled . | . . . Recycled Matter . | . . . Retrieved Matter . | . . . Retrieved Components . | . . . Parts Scanalyzed . | . . . Part Schematics Acquired . | . . . Parts Damaged . | . . . Bothacking | -11 -10 -10 ------------ Run | Yrd Mat Min Used RIF Installer . | . . . Robots Hacked . | . . . Non-combat . | . . . Combat . | . . . Robot Hacks Applied . | . . . Relay Couplers Released . | . . . Fabnet Peak Effective % . | . . . Robots Rewired . | . . . Allies Hacked . | . . . Hacks Repelled . | . . . Allies | -11 -10 -10 -------- Run | Yrd Mat Min Total Allies 1 | . . 1 Largest Group 1 | . . 1 Highest-Rated Group 31 | . . 31 Highest-Rated Ally 31 | . . 31 Total Orders . | . . . Ally Attacks 16 | . . 16 Total Damage 245 | . . 245 Kills 3 | . . 3 Allies Corrupted . | . . . Allies Melted . | . . . Intel | -11 -10 -10 ------- Run | Yrd Mat Min Robot Analysis Total 3 | . 3 . Derelict Logs Recovered 1 | . . 1 Drone Launches . | . . . Drone Recoveries . | . . . Exploration | -11 -10 -10 ------------- Run | Yrd Mat Min Turns Passed 1961 | 95 1037 829 Spaces Moved 988 | 48 505 435 Core 7 | 7 . . Treads 981 | 41 505 435 Legs . | . . . Wheels . | . . . Hover . | . . . Flight . | . . . Fastest Speed 50 | 50 160 160 Average Speed 159 | 149 160 160 Slowest Speed 160 | 160 160 160 Overloaded Moves . | . . . Propulsion Burnouts . | . . . Robots Hopped . | . . . Cave-ins Triggered . | . . . Exploration Rate (%) 56 | 4 90 74 Regions Visited 2 Branch Regions 1 Pre-discovered Areas . | . . . Known Exits Taken 1 | . 1 . Unknown Exits Taken 1 | 1 . . Scrap Searched 2 | . . 2 Spaces Dug . | . . . Terrain Destroyed . | . . . Melee . | . . . Projectile . | . . . AOE . | . . . Terrain Rammed . | . . . Walls Destroyed . | . . . Machines Disabled . | . . . Actions | -11 -10 -10 --------- Run | Yrd Mat Min Total 1262 | 63 664 535 Wait 139 | . 76 63 Move 986 | 47 504 435 Hop . | . . . Pick Up 26 | 4 15 7 Fast Attach 9 | 7 2 . Attach 3 | . 1 2 Detach 3 | . 3 . Swap 4 | . 3 1 Drop 16 | . 12 4 Fire 73 | 5 46 22 Melee . | . . . Ram . | . . . Kick . | . . . Crush 3 | . 2 1 Escape Stasis . | . . . Rewire . | . . . Trap . | . . . Miscellaneous . | . . . Route ------- -11/Scrapyard -10/Materials (discovered 4 exits: *Mat x3 / *Min) -10/Mines (discovered 2 exits: *Mat x2) History --------- Turn | Location | Event 21 | -11/Scrapyard | Discovered new exit (range 15) 96 | -11/Scrapyard | Entered Materials 295 | -10/Materials | Discovered new exit (range 12) 303 | -10/Materials | Build established: Mutant 520 | -10/Materials | Discovered new exit (range 12) 566 | -10/Materials | Identified exit to Materials 913 | -10/Materials | Discovered exit to Materials (range 14) 1089 | -10/Materials | Discovered new exit (range 14) 1129 | -10/Materials | Identified exit to Mines 1133 | -10/Materials | Entered Mines 1170 | -10/Mines | Discovered exit to Materials (range 13) 1221 | -10/Mines | Met a Derelict shopkeep closing up shop 1274 | -10/Mines | Met a Derelict testing a Signal Generator 1297 | -10/Mines | Core integrity fell below 50% 1461 | -10/Mines | Learned 2 Materials zone layouts 1675 | -10/Mines | Discovered exit to Materials (range 11) 1940 | -10/Mines | Assembled infested the area 1959 | -10/Mines | Core integrity fell below 20% 1962 | -10/Mines | Destroyed by as-29210 with Assembled Heavy Rifle Last Messages --------------- 01692_ Acquired Imp. Heat Sink. 01695_ Dropped Seismic Detector. 01702_ Searching scrap... 01702_ Found Aluminum Leg. 01702_ Found Utility Shielding. 01702_ Found Signal Interpreter. 01702_ Found 30 Matter. 01940_ ALERT: Infestation in the mines, dispatching Demolisher response squad. 01951_ Lgt. Treads destroyed. 01951_ System corrupted by crushing effect (+5). 01953_ as-16593 destroyed. 01953_ Switching to secondary target: as-52348. 01955_ K-01 Serf collects debris. 01955_ K-01 Serf destroyed. 01957_ Critical hit (Burn: +80). 01958_ IGOVR&:GP>L|HT BTLU2V8S6Z|X3RZO 01958_ Lgt. Assault Rifle severed. 01959_ as-58304 destroyed. 01960_ as-52348 destroyed. Map ----- +----------------------------------------------------+ | ### #??# #???????? | | #??# < ] ### #???????? | | #??## ## ######??# ##???????? | | #####???## ######????????###????????? | | ##???????## ######????????????????????????? | | ###??????###??????????????????????????????? | | ####????????????????????????????????????? | | ##???????????????????????????????????? | | #???????????????????????????????????? | | #???????????????????????????????????? | | # ##??????????????????????????????????? | | # ##??????????###????????????????????? | | # #??????? ????????????????????? | | ## #????? ???????????????????? | | ?## #?????# ???????????????????? | | ??## ##?????? ???????????????????? | | ???## ##??????? ???????????????????? | | ????# ###?????? #???????????????????? | | ????## ##?????? ##??????????????????? | | ?????## #??????# ###????????????????? | | ######## #??????# ##???????????????? | | #### #?????## ###?????????????? | | ###### #??# ##????## ##????????????? | | ?????# #??# #????## aa ## #?????????? | | ?????# #??# #???## a%aa a a #?????????? | | ?????# #??# #???# @a%aa #????????????? | | ?????# #??# ##### ##*a #????????????? | | ?????# #??# t ##?# #???????????? | | ###### #### #??? #??????????? | | rr###### #???? ????????? | | ########### ####### ##????? #??????? | | ??????????# ###??????? # #??????? | | ??????????# #????????? ##? #??????? | | ??????????######### #?????????? #??????????? | | ??????????????????# #???????????#??????????? | | ??????????????????# #??????????????????????? | | ??????????????????# #??????????????????????? | | ??????????????????# #??????????????????????? | | ??????????????????# #??????????????????????? | | ??????????????????# #??????????????????????? | | ?????????????????? #??????????????????????? | | ?????????????????? #??????????????????????? | | ?????????????????? #??????????????????????? | | ?????????????????? ??????????????????????? | | ????????????????? ??????????????????????? | | ????????????????? ??????????????????????? | | ?????????????????# ??????????????????????? | | ?????????????????## ??????????????????????? | | ??????????????????? ??????????????????????? | | ??????????????????? ??????????????????????? | +----------------------------------------------------+ Best States ------------- Heat Dissipation 25 Energy Generation 14 Energy Capacity 250 Matter Stores 300 Matter Capacity 300 Sight Range 16 Terrain Scan Density 10 Evasion (%) 40 Recoil Reduction 2 Item Schematics ----------------- None Robot Schematics ------------------ None Fabricated ------------ Nothing Alien Tech Used ----------------- None Achievements -------------- None Challenges ------------ None Game ------ Seed ThermicCatalystRedistributor Manual? 0 Play Time 00:19:13 Cumulative 62.2 hours Start 2024.07.01 @ 14:08:57 End 2024.07.01 @ 14:25:06 Sessions 1 Manual Loads 0 Difficulty Rogue Special Mode None Game No. 55 Rogue 55 Adventurer 0 Explorer 0 Win Type - Total 0 Types 0/0/0/0/0/0/0/0/0 Lore% 21 Gallery% 43 Achievement% 35 Wizard Run 0 Options --------- Layout 0 ASCII 0 Keyboard 1 Movement Numpad Keybinds 0 Fullscreen 2 Font 18/SmallcapsGlow Map View 76x50 Zoom Use 0% Tactical HUD 1 Map Filters NONE Filters NONE Steam 1 RUN: a4866a6c-3993-4979-a43b-2c6be4b234ad